 Dungeon Crawl Stone Soup version 0.30-a0-576-g89cddaab80 (webtiles) character file.

Game seed: 1471110706551897323

434 porpoise the Shooter (level 7, -7/44 HPs)
             Began as a Tengu Hunter on Dec 31, 2022.
             Mangled by Edmund
             ... wielding a +2 heavy flail
              (18 damage)
             ... on level 4 of the Dungeon.
             The game lasted 00:10:46 (3153 turns).

porpoise the Shooter (Tengu Hunter)                 Turns: 3153, Time: 00:10:47

Health: -7/44      AC:  4    Str: 10 (12) XL:     7   Next: 0%
Magic:  8/8        EV: 14    Int:  8 (9)  God:
Gold:   248        SH:  0    Dex: 18 (19) Spells: 6/6 levels left

rFire   . . .      SeeInvis .    b - +3 short sword
rCold   . . .      Faith    .    (no shield)
rNeg    . . .      Spirit   .    c - +0 leather armour
rPois   .          Reflect  .    (helmet restricted)
rElec   .          Harm     .    q - +0 cloak
rCorr   .          Rampage  .    (no gloves)
Will    .....                    (boots unavailable)
Stlth   ++                       (no amulet)
HPRegen 0.27/turn                (no ring)
MPRegen 0.11/turn                (no ring)

@: flying quickly and evasively, quick
A: beak, talons 3, nimble flight
a: no special abilities


You were on level 4 of the Dungeon.
You visited 1 branch of the dungeon, and saw 4 of its levels.
You also visited: Ossuary.

You collected 248 gold pieces.

Inventory:

Hand Weapons
 a - a +0 shortbow
 b - a +3 short sword (weapon)
 p - a +1 vampiric dagger
Armour
 c - a +0 leather armour (worn)
 q - a +0 cloak (worn)
Jewellery
 m - an amulet of guardian spirit
Wands
 j - a wand of mindburst (3)
Scrolls
 d - a scroll of immolation
 e - a scroll of vulnerability {unknown}
 f - a scroll of amnesia
 i - a scroll of poison {unknown}
 l - a scroll of summoning {unknown}
Potions
 g - 2 potions of curing
 k - a potion of attraction
 n - 3 potions of flight
 o - a potion of resistance
 s - a potion of brilliance


   Skills:
 + Level 4.3 Fighting
 * Level 7.7 Ranged Weapons
 - Level 2.1 Dodging
 - Level 1.0 Stealth


You had 6 spell levels left.
You didn't know any spells.
Your spell library contained the following spells:

 Spells                   Type           Power      Damage    Failure   Level
 Slow                     Hex            0%         N/A       52%         1
 Call Canine Familiar     Summ           0%         N/A       87%         3
 Confusing Touch          Hex            0%         N/A       87%         3
 Gell's Gravitas          Tloc           0%         N/A       87%         3
 Lesser Beckoning         Tloc           0%         N/A       87%         3
 Portal Projectile        Hex/Tloc       0%         N/A       87%         3
 Teleport Other           Tloc           0%         N/A       87%         3
 Vampiric Draining        Necr           0%         2d6       87%         3
 Leda's Liquefaction      Hex/Erth       0%         N/A       99%         4


Dungeon Overview and Level Annotations

Branches:
Dungeon (4/15)            Ossuary (visited)
 Temple: D:4-7

Altars:

Shops:
D:4 =

Annotations:
D:2 Sigmund
D:3 3 runed translucent doors, wormed's ghost, amateur SpHu
D:4 Edmund


Innate Abilities, Weirdness & Mutations

You have a beak for a mouth.
You have claws for feet.
Your magical nature lets you fly swiftly and evasively.


Message History

You shoot an arrow. The arrow barely misses Edmund.
Edmund misses you.
You shoot an arrow. The arrow hits Edmund.
Edmund is lightly wounded.
You shoot an arrow.
The arrow hits Edmund but does no damage.
Edmund is lightly wounded.
Edmund hits you with a +2 heavy flail!
You shoot an arrow.
The arrow hits Edmund but does no damage.
Edmund is lightly wounded.
Edmund completely misses you.
You shoot an arrow.
The arrow hits Edmund but does no damage.
Edmund is lightly wounded.
Edmund hits you with a +2 heavy flail.
Fire: a) +0 shortbow
Press: ? - help, Q - select action, (/) - cycle Shift-Dir - straight line, f/p - Edmund
Aim: Edmund, wielding a +2 heavy flail and wearing a +0 ring mail (lightly wounded, 69% to hit)
You shoot an arrow.
The arrow hits Edmund but does no damage.
Edmund is lightly wounded.
Unknown command.
b - a +3 short sword (weapon)
Edmund hits you with a +2 heavy flail.
You hit Edmund but do no damage. Your kick misses Edmund.
Edmund is lightly wounded.
You hit Edmund. You claw Edmund!
Edmund is moderately wounded.
Edmund barely misses you.
You barely miss Edmund.
Edmund is moderately wounded.
Edmund hits you with a +2 heavy flail!
You hit Edmund.
Edmund is moderately wounded.
You hit Edmund. Your kick misses Edmund.
Edmund is heavily wounded.
Edmund hits you with a +2 heavy flail!
* * * LOW HITPOINT WARNING * * *
You feel better. Edmund hits you with a +2 heavy flail!!
You die...

(............)..#
..######.....#..# ..####
#...####.# .....###.#.##
#.#** ............#
#..,***###* .##..###.#..#
###.,,....* ......##.####
*#......*
##.......#########......*
...##...........@@......*
.......###########......*
.#####....# *,.....* ##
###..#### *,,.)..*
#.....## ****###*
###รท...### ###....#
#....# ######


You could see Edmund.

Vanquished Creatures
  4 water moccasin zombies (Ossuary)
  A jelly (D:4)
  An iguana (D:4)
  2 mummies (Ossuary)
  2 adders (D:3)
  7 adder zombies (Ossuary)
  A worm zombie (D:4)
  A worm (D:2)
  3 dart slugs
  5 endoplasms
  3 giant cockroaches
  2 gnoll zombies (Ossuary)
  6 goblins
  6 hobgoblins
  9 jackals
  12 kobolds
  2 quokkas
  8 ball pythons
  6 bats
  3 frilled lizards (D:1)
  6 hobgoblin zombies (Ossuary)
  8 kobold zombies (Ossuary)
  4 orc zombies (Ossuary)
  4 rats
106 creatures vanquished.

Notes
Turn   | Place    | Note
-------+----------+-------------------------------------------
     0 | D:1      | porpoise the Tengu Hunter began the quest for the Orb.
     0 | D:1      | Reached XP level 1. HP: 12/12 MP: 2/2
   174 | D:1      | Reached XP level 2. HP: 17/17 MP: 3/3
   369 | D:1      | Reached skill level 5 in Ranged Weapons
   500 | D:1      | Reached XP level 3. HP: 22/22 MP: 4/4
   979 | D:2      | Noticed Sigmund
  1525 | D:3      | Reached XP level 4. HP: 27/27 MP: 5/5
  1876 | D:3      | Found a runed translucent gate.
  1876 | D:3      | Found a runed translucent gate.
  1877 | D:3      | Found a runed translucent gate.
  1877 | D:3      | Noticed wormed's ghost (amateur SpHu)
  2290 | D:4      | Found a sand-covered staircase.
  2344 | Ossuary  | Entered an ossuary
  2351 | Ossuary  | Reached skill level 6 in Ranged Weapons
  2405 | Ossuary  | Gained mutation: Your magical nature lets you fly swiftly
                  | and evasively. [Tengu growth]
  2405 | Ossuary  | Reached XP level 5. HP: 6/32 MP: 6/6
  2469 | Ossuary  | Reached XP level 6. HP: 37/38 MP: 7/7
  2478 | Ossuary  | Reached skill level 7 in Ranged Weapons
  2617 | Ossuary  | HP: 1/38 [mummy (16)]
  2897 | D:4      | Found Poykh's Jewellery Emporium.
  3033 | D:4      | Reached XP level 7. HP: 35/44 MP: 8/8
  3137 | D:4      | Noticed Edmund
  3153 | D:4      | Mangled by Edmund

Illustrated notes

Levels and vault maps discovered:
D:1:      roderic_dead_forest, layout_basic, kennysheep_small_spiral
D:2:      layout_basic, minmay_tripent, uniq_sigmund
D:3:      layout_loops_cross, gammafunk_ghost_split, grunt_ministairs_1
D:4:      minmay_spotlight, layout_rooms, serial_shops, kennysheep_mini_moat,
          enter_ossuary_3, uniq_edmund

Skill      XL: |  1  2  3  4  5  6 |
---------------+-------------------+-----
Ranged Weapons | 5 6 7 |  7.7
Fighting       | 3 4 |  4.3
Dodging        | |  2.1
Stealth        | |  1.0

Action                   |  1- 3 |  4- 6 |  7- 9 || total
-------------------------+-------+-------+-------++-------
Melee: Dagger            |     3 |       |       ||     3
       Short sword       |     1 |    78 |     5 ||    84
       Peck              |     1 |    19 |       ||    20
       Kick              |       |    30 |     1 ||    31
 Fire: Shortbow          |    88 |   104 |     7 ||   199
Evoke: Wand              |       |       |     2 ||     2
  Use: Scroll            |       |    10 |       ||    10
       Potion            |       |     4 |     1 ||     5
Armor: Leather armour    |     7 |    17 |       ||    24
Dodge: Dodged            |    24 |    71 |     3 ||    98

Table legend: (Time is in decaauts)
 A = Elapsed time spent in this place.
 B = Non-inter-level travel time spent in this place.
 C = Inter-level travel time spent in this place.
 D = Time resting spent in this place.
 E = Time spent auto-exploring this place.
 F = Levels seen in this place.
 G = Mean time per level.
                   A        B        C        D        E       F      G
               +--------+--------+--------+--------+--------+-----+--------+
         Total |   3157 |   3030 |    127 |    348 |   1982 |   5 |  631.4 |
       Dungeon |   2746 |   2619 |    127 |    187 |   1982 |   4 |  686.5 |
       Ossuary |    410 |    410 |      0 |    161 |      0 |   1 |  410.0 |
               +--------+--------+--------+--------+--------+-----+--------+

Top non-repeatable levels by time:
     D:1: 924 daAuts
     D:3: 753 daAuts
     D:2: 615 daAuts
     D:4: 453 daAuts
 Ossuary: 410 daAuts
